[Event "*** SCC Grand Prix: Titled Tuesday Blitz"]
[Site "Chess.com"]
[Date "2020.10.13"]
[Round "4"]
[White "LionTheLeon_06"]
[Black "Ajedrez_con_German"]
[Result "1/2-1/2"]
[WhiteElo "2631"]
[BlackElo "2496"]
[TimeControl "180+1"]
[EndTime "10:40:33 PDT"]
[Termination "Game drawn by repetition"]

1. Nf3 d5 2. c4 c6 3. e3 Nf6 4. b3 Bg4 5. Bb2 e6 6. Be2 Nbd7 7. h3 Bh5 8. Nc3 Bd6 9. g4 Bg6 10. Nh4 Qe7 11. Nxg6 hxg6 12. Bf3 Ne5 13. Be2 Ba3 14. Bxa3 Qxa3 15. d4 Qb4 16. Rc1 Ne4 17. Qc2 Nd7 18.
Bf3 Qxc3+ 19. Qxc3 Nxc3 20. Rxc3 Ke7 21. Bg2 g5 22.
Ke2 Nf6 23. Rb1 Kd6 24. b4 dxc4 25. Rxc4 a6 26. Rc5 Nd5 27. Kd2 f6 28. a4 b6 29. Rc2 Rac8 30. Kd3 Rc7 31. Kd2 Rhc8 32.
Be4 Rh8 33. Bg2 Rhc8 34. Rcc1 Rh8 35. Rh1 Rhc8 36. h4 gxh4 37. Rxh4 c5 38. bxc5+ bxc5 39. dxc5+ Rxc5 40. Rh7 Rc2+ 41. Ke1 Ra2 42. Bxd5 Kxd5 43. Rxg7 Rcc2 44. Rd7+ Ke5 45. Ra7 Re2+ 46. Kf1 Rxf2+ 47. Kg1 Rg2+ 48. Kh1 Rh2+ 49. Kg1 Rag2+ 50. Kf1 Ra2 51. Kg1 Rhg2+ 52. Kh1 Rxg4 53. Rxa6 Rgg2 54. Rb5+ Ke4 55.
Rxe6+ Kd3 56. Rxf6 Rh2+ 57. Kg1 Rhg2+ 58. Kf1 Rh2 59.
Kg1 Rhg2+ 60. Kf1 Rh2 61. Kg1 1/2-1/2

[Event "*** SCC Grand Prix: Titled Tuesday Blitz"]
[Site "Chess.com"]
[Date "2020.10.13"]
[Round "4"]
[White "LiemLe"]
[Black "vugarrasulov"]
[Result "1/2-1/2"]
[WhiteElo "2980"]
[BlackElo "2834"]
[TimeControl "180+1"]
[EndTime "10:40:37 PDT"]
[Termination "Game drawn by repetition"]

1. d4 Nf6 2. Nf3 e6 3. Bf4 d5 4.
e3 Bd6 5. Nbd2 O-O 6. c3 c5 7.
Bd3 b6 8. Qe2 Bb7 9. Rd1 Bxf4 10. exf4 Nc6 11. O-O cxd4 12. Nxd4 Nxd4 13. cxd4 Qd6 14.
g3 Rfc8 15. Rc1 Rxc1 16. Rxc1 Rc8 17. Rxc8+ Bxc8 18. Nf3 Qc7 19. Qe5 Qxe5 20. fxe5 Ne8 21. Kf1 h6 22. Ke2 Kf8 23. Ke3 Ke7 24. Nh4 Nc7 25. f4 Ba6 26. Bc2 Bc4 27. b3 Bf1 28.
f5 a5 29. g4 Na6 30. a3 Nc7 31. Nf3 Bh3 32. Kf4 Bg2 33. Ne1 Bf1 34. a4 Na6 35. h4 Nb4 36. Bd1 Nd3+ 37. Nxd3 Bxd3 38. Ke3 Bb1 39.
fxe6 fxe6 40. g5 hxg5 41. hxg5 Kf7 42. Bh5+ Ke7 43. Kd2 Be4 44. Kc3 Kd7 45. b4 Ke7 46. Kb3 Bd3 47. Kc3 Be4 48. Kb3 Bf5 49. Kc3 Bh3 50. Kb3 Bf1 51. Kc3 Bc4 52. Bg6 Be2 53. bxa5 bxa5 54. Kb2 Bd1 55. Ka3 Kf8 56. Bd3 Kf7 57. Bb1 Bf3 58. Kb2 Bd1 59. g6+ Ke7 60. Ka3 Bg4 61. Kb2 Bh5 62. Bc2 Bf3 63. Kc3 Bg4 64. Kd2 Bh5 65. Ke3 Kd7 66. Kf2 Ke7 67.
Ke3 Kd7 68. Kd2 Ke7 69. Ke3 1/2-1/2

[Event "*** SCC Grand Prix: Titled Tuesday Blitz"]
[Site "Chess.com"]
[Date "2020.10.13"]
[Round "4"]
[White "GiantThresher"]
[Black "ChessWarrior7197"]
[Result "1/2-1/2"]
[WhiteElo "2839"]
[BlackElo "3028"]
[TimeControl "180+1"]
[EndTime "10:40:38 PDT"]
[Termination "Game drawn by repetition"]

1. e4 e5 2. Nf3 Nc6 3. Nc3 Nf6 4. Bb5 Bc5 5. O-O O-O 6. Nxe5 Nxe5 7. d4 Bd6 8. f4 Neg4 9. e5 Bb4 10. f5 d5 11. Be2 Nxe5 12. dxe5 Ne4 13. Nxd5 Bc5+ 14.
Be3 c6 15. Bxc5 Nxc5 16. Ne3 Qe7 17. Ng4 Rd8 18. Qe1 h5 19. f6 Qe8 20. Nh6+ Kh7 21. fxg7 Kxh6 22. Qh4 Kxg7 23. Bxh5 Be6 24. Qf6+ Kf8 25.
Rf3 Qd7 26. Raf1 Ne4 27. Qh6+ Ke8 28. Bxf7+ Bxf7 29. Rxf7 Qxf7 30. Rxf7 Kxf7 31. Qh7+ Ke6 32. Qxe4 Rd1+ 33. Kf2 Rad8 34. h4 R8d2+ 35. Kg3 Rd7 36. h5 R1d4 37. Qg6+ Kxe5 38. h6 Rd8 39. h7 R4d7 40.
Kh4 Rh8 41. Qg5+ Ke6 42. Qg6+ Ke5 43. Kg5 Rdxh7 44. Qf6+ Ke4 45. Qf4+ Kd5 46. Qf3+ Kd6 47. Qf4+ Kd7 48. Qf5+ Kc7 49. Qe5+ Kc8 50. Qf5+ Kb8 51. g4 Ka8 52. Kf4 Rg7 53. g5 Rhg8 54. Kg4 a6 55. Kh5 Ka7 56. Qc5+ Kb8 57. Kh4 Kc7 58. Qe5+ Kb6 59.
Qd4+ Kc7 60. Qe5+ Kd7 61. Qf5+ Kc7 62. Qe5+ 1/2-1/2

[Event "*** SCC Grand Prix: Titled Tuesday Blitz"]
[Site "Chess.com"]
[Date "2020.10.13"]
[Round "4"]
[White "Mr_Sinigami"]
[Black "JosefineHeinemann"]
[Result "1/2-1/2"]
[WhiteElo "2494"]
[BlackElo "2628"]
[TimeControl "180+1"]
[EndTime "10:40:42 PDT"]
[Termination "Game drawn - insufficient material"]

1. d4 Nf6 2. Nf3 g6 3. Bf4 Bg7 4. e3 O-O 5. h3 d6 6. Be2 b6 7. O-O Bb7 8. a4 a5 9. Na3 Nbd7 10. c3 Re8 11. Bh2 e5 12. Nd2 e4 13. Nb5 Nf8 14. b4 Ne6 15. bxa5 Rxa5 16. Nb3 Ra8 17. a5 bxa5 18. Nxa5 Ba6 19. Qb3 Qd7 20. c4 Reb8 21.
Qc2 Bf8 22. d5 Nc5 23. Nc6 Re8 24. Nbd4 Bg7 25. Ra2 Bb7 26. Rfa1 h5 27. Bf4 Kh7 28. Rxa8 Rxa8 29. Rxa8 Bxa8 30. Qa2 Qc8 31. Nb5 Bxc6 32.
dxc6 Ne8 33. Qa7 Qa6 34. Qb8 Qxc6 35. g4 hxg4 36. Bxg4 Ne6 37. Bg3 Qd7 38. Kh2 Qe7 39. Qc8 Nc5 40. Nd4 Be5 41. Nc6 Bxg3+ 42. Kxg3 Qf8 43.
Bd7 Nxd7 44. Qxd7 Kg7 45. Nd4 Kg8 46. Nc6 Nf6 47. Qxc7 Qh6 48. Qxd6 Qg5+ 49. Kh2 Qf5 50. Qf4 Qxf4+ 51. exf4 Nd7 52. Ne5 Nc5 53. Kg2 f6 54. Nc6 Kf7 55. f3 e3 56. Kf1 Nd3 57. Ke2 Nxf4+ 58.
Kxe3 Nxh3 59. c5 Ke6 60. Nd4+ Kd5 61. c6 Kd6 62. f4 f5 63. Kf3 g5 64. Nxf5+ Kxc6 65. fxg5 Nxg5+ 1/2-1/2

[Event "*** SCC Grand Prix: Titled Tuesday Blitz"]
[Site "Chess.com"]
[Date "2020.10.13"]
[Round "4"]
[White "WildTricks"]
[Black "kidagent"]
[Result "1-0"]
[WhiteElo "2443"]
[BlackElo "2277"]
[TimeControl "180+1"]
[EndTime "10:40:43 PDT"]
[Termination "WildTricks won by resignation"]

1. e4 c5 2. Nf3 d6 3. d4 cxd4 4. Qxd4 Bd7 5. Be2 Nc6 6. Qe3 g6 7. O-O Bg7 8. Rd1 Nf6 9. h3 O-O 10. c4 Qc7 11. Nc3 a6 12. Bd2 Rac8 13. Rac1 e6 14.
Nd5 Qd8 15. Nb6 Rb8 16. Bc3 Ne8 17. Bxg7 Kxg7 18. e5 Bc8 19. exd6 Nf6 20. c5 Nd7 21. Nxd7 Bxd7 22. b4 Qf6 23. Rb1 Rfc8 24. a4 h6 25.
Qa3 Ne5 26. Nxe5 Qxe5 27. Bf1 a5 28. Rbc1 axb4 29. Qxb4 Bc6 30. Bb5 Bd5 31. Qd4 Qxd4 32.
Rxd4 Kf8 33. Kf1 Rd8 34. Rcd1 Rbc8 35. Rxd5 exd5 36. Rxd5 Kg7 37. Ke2 Kf6 38. Ke3 Ke6 39. Kd4 f5 40. Re5+ Kf6 41. Re7 b6 42. Rh7 Rxc5 43. d7 Rc2 44. Ke3 h5 45. h4 Rc3+ 46.
Kd2 Rc5 47. g3 Re5 48. Kd3 Rd5+ 49. Ke3 Rc5 50. Kd4 Rc1 51. Bc4 Rd1+ 52. Bd3 Rc1 53.
Bb5 Rd1+ 54. Ke3 Re1+ 55. Kf4 Rc1 56. Kf3 Rc5 57. Ke3 Rc3+ 58. Kd4 Rc1 59. Kd5 Rc5+ 60. Kd6 Rc2 61. Bd3 Rc3 62. Bb5 Rc2 63. f3 Rc3 64. Bc6 Rg8 65. Kc7 b5 66. axb5 Rg7 67. Rxg7 Kxg7 68.
d8=Q 1-0

[Event "*** SCC Grand Prix: Titled Tuesday Blitz"]
[Site "Chess.com"]
[Date "2020.10.13"]
[Round "4"]
[White "FMKonstantin_Twitch"]
[Black "Cayse"]
[Result "0-1"]
[WhiteElo "2556"]
[BlackElo "2750"]
[TimeControl "180+1"]
[EndTime "10:40:44 PDT"]
[Termination "Cayse won on time"]

1. d4 Nf6 2. Bf4 e6 3. e3 b6 4.
Nf3 Bb7 5. c4 Be7 6. Nc3 Nh5 7.
Be5 d6 8. Bg3 O-O 9. Bd3 Nd7 10.
Qc2 g6 11. Be4 Bxe4 12. Qxe4 Bf6 13. O-O-O Qc8 14. Bh4 Bg7 15. Qc2 Qb7 16. Qe2 a6 17. Kb1 c6 18. e4 Rfe8 19. e5 d5 20. g4 Nf4 21. Qd2 Nh3 22. Bg3 dxc4 23. Qe2 b5 24.
Ne4 c5 25. dxc5 Qc7 26. Qe3 Rec8 27. Nd6 Nxc5 28. Nxc8 Rxc8 29. Ne1 Na4 30. Nc2 Bf8 31. f4 Qc6 32. Bh4 Qg2 33. Qg3 Qxg3 34. hxg3 Nf2 35.
Rhf1 Nxd1 36. Rxd1 Nc5 37. Ne3 Nd3 38. b3 Rb8 39.
Kc2 Bc5 40. bxc4 Nf2 41. Re1 Rc8 42. Kb3 Bxe3 43. Rxe3 bxc4+ 44. Kc2 Nxg4 45. Ra3 Rc6 46. Ra4 h6 47. Rb4 g5 48. fxg5 hxg5 49. Bxg5 Nxe5 50.
Bf6 Ng4 51. Rb8+ Kh7 52. Rh8+ Kg6 53. Bd4 Kf5 54. Kc3 e5 55. Ba7 Ke4 56. Rh5 f5 57. Rg5 Nh2 58. Rh5 Nf3 59. Rh8 Rg6 60. Kxc4 Rxg3 61. Rh6 f4 62. Rxa6 Rg4 63. Bb8 Nd4 64. Kc3 f3 65. Ra5 Rg5 66. Kd2 f2 0-1

[Event "*** SCC Grand Prix: Titled Tuesday Blitz"]
[Site "Chess.com"]
[Date "2020.10.13"]
[Round "4"]
[White "PauloCesarCosta_sad"]
[Black "pooh2012"]
[Result "0-1"]
[WhiteElo "2261"]
[BlackElo "2429"]
[TimeControl "180+1"]
[EndTime "10:40:49 PDT"]
[Termination "pooh2012 won on time"]

1. Nf3 Nf6 2. c4 d6 3. d4 Nbd7 4. Nc3 c6 5. g3 Qc7 6. Bg2 e5 7. O-O Be7 8. b3 O-O 9. Ba3 Re8 10. dxe5 dxe5 11. Bxe7 Rxe7 12. Ng5 h6 13. Nge4 Nxe4 14. Nxe4 f5 15. Nd6 Nf6 16. Nxc8 Rxc8 17. Qc2 e4 18. e3 Nd7 19. Bh3 Rf8 20. Rad1 Ne5 21. Bg2 Nd3 22.
Rd2 Rd7 23. Rfd1 Rfd8 24. Bf1 Ne5 25. Rxd7 Rxd7 26. Rxd7 Qxd7 27. Be2 c5 28. Qd1 Qxd1+ 29. Bxd1 Nd3 30. Kf1 Nc1 31. a3 Nd3 32. Bc2 Ne5 33.
Bd1 Kf7 34. Be2 g5 35. Ke1 Ke6 36. Kd2 Nd7 37. Kc3 Ke5 38. b4 b6 39. Bf1 f4 40.
Bh3 Nf6 41. gxf4+ gxf4 42. Bc8 h5 43. Kd2 f3 44. h3 Ne8 45. Kc3 Nd6 46. Bd7 Kf6 47.
bxc5 bxc5 48. h4 Nf5 49. Bxf5 Kxf5 50. Kb3 Kg4 51. Ka4 Kxh4 52. Kb5 Kg5 53. Kxc5 h4 54. Kd6 h3 55. c5 h2 56. c6 h1=Q 57. c7 Qc1 58.
Kd7 Qd2+ 59. Ke8 Qc3 60. Kd8 Qf6+ 61. Kd7 Qf7+ 62. Kd8 Qd5+ 63. Ke8 Qc6+ 64. Kd8 Qd6+ 65. Kc8 Kf6 66. Kb7 Qd7 67. Kb8 Qb5+ 68. Ka8 Qc6+ 69.
Kb8 Qb6+ 70. Kc8 Ke7 71. a4 Kd6 0-1

[Event "*** SCC Grand Prix: Titled Tuesday Blitz"]
[Site "Chess.com"]
[Date "2020.10.13"]
[Round "4"]
[White "GameOverBro"]
[Black "Reader777"]
[Result "0-1"]
[WhiteElo "2527"]
[BlackElo "2697"]
[TimeControl "180+1"]
[EndTime "10:40:51 PDT"]
[Termination "Reader777 won by resignation"]

1. e4 c5 2. Ne2 d6 3. g3 Nc6 4. Bg2 g6 5. c3 Bg7 6. d4 cxd4 7. cxd4 Nf6 8. O-O O-O 9. Nbc3 Bg4 10. f3 Bd7 11. Be3 a6 12. Qd2 b5 13. Rfc1 b4 14. Nd1 a5 15. Nf2 Rc8 16. h3 Nb8 17. f4 Bb5 18. Rxc8 Qxc8 19. e5 dxe5 20. fxe5 Nfd7 21.
Rc1 Qa6 22. Nf4 Rd8 23. Qc2 Nb6 24. Qc7 Rc8 25. Qxe7 Rxc1+ 26. Bxc1 Qc8 27. Be3 Nc4 28. e6 fxe6 29. Nxe6 Qd7 30. Qxg7+ Qxg7 31. Nxg7 Nxe3 32. Ne6 Nxg2 33. Kxg2 Bc4 34. Nc5 Bxa2 35. Nfd3 Bd5+ 36. Kf2 Nc6 37. Ke3 Kf7 38. Nf4 Ne7 39. Nxd5 Nxd5+ 40. Ke4 Nb6 41. d5 Ke7 42. Kd4 a4 43. Nd3 a3 44.
bxa3 bxa3 45. Nb4 Kd6 46. Na2 Nxd5 47. Kc4 Ke5 48. Kb3 Ne3 49. Kxa3 Nf1 50. Kb3 Nxg3 51. Kc3 Kf4 52. Kd3 Kf3 53. Nc3 Nf5 54. Nd5 Kg3 55.
Nf6 h5 56. Nd5 g5 57. Ke4 Ng7 58. Ke5 Kxh3 59. Kf6 g4 60. Kxg7 g3 61. Nf4+ Kg4 62. Ne2 h4 63. Kg6 h3 0-1

[Event "*** SCC Grand Prix: Titled Tuesday Blitz"]
[Site "Chess.com"]
[Date "2020.10.13"]
[Round "4"]
[White "sjam6687"]
[Black "VMikhalevski"]
[Result "1-0"]
[WhiteElo "2570"]
[BlackElo "2702"]
[TimeControl "180+1"]
[EndTime "10:40:52 PDT"]
[Termination "sjam6687 won on time"]

1. d4 Nf6 2. c4 g6 3. Nc3 d5 4.
cxd5 Nxd5 5. e4 Nxc3 6. bxc3 Bg7 7. Bc4 c5 8. Ne2 Nc6 9. Be3 O-O 10. O-O Bg4 11.
f3 Bd7 12. Rb1 Qc7 13. Qc2 Rfd8 14. d5 Ne5 15. Bb5 Bxb5 16. Rxb5 Nc4 17. Qd3 Nxe3 18. Qxe3 b6 19. c4 e6 20. f4 Qe7 21. Rd1 Qe8 22. Rb3 Qa4 23. Qd3 exd5 24. exd5 Qxa2 25. Ra3 Qb2 26. Rd2 Qf6 27. g4 Rd7 28. Qf3 Re8 29.
Re3 Rxe3 30. Qxe3 Qe7 31. Qf3 Rd8 32. Ra2 Re8 33. Kg2 Qd7 34. Ng3 Bd4 35. f5 Re1 36. Qf4 Kg7 37. g5 h5 38. gxh6+ Kh7 39. fxg6+ fxg6 40. Ne2 Bh8 41. Ng3 Be5 42. Qf2 Rb1 43.
Re2 Bd4 44. Qf4 Rg1+ 45. Kf3 g5 46. Qf5+ Qxf5+ 47. Nxf5 Rf1+ 48. Kg4 Kg6 49. Re6+ Bf6 50. h7 Rf4+ 51. Kg3 Kxh7 52. Rxf6 Rxc4 53. d6 Rc3+ 54. Kg4 Rd3 55. Rf7+ Kg6 56. Rxa7 c4 57. d7 c3 58. Rc7 Kf6 59. Rc6+ Ke5 60. Nd6 Rd4+ 61. Kxg5 Kd5 62. Rc8 c2 63. Rxc2 1-0

[Event "*** SCC Grand Prix: Titled Tuesday Blitz"]
[Site "Chess.com"]
[Date "2020.10.13"]
[Round "4"]
[White "ThePatrick27"]
[Black "GoltsevDmitry2000"]
[Result "1-0"]
[WhiteElo "2531"]
[BlackElo "2669"]
[TimeControl "180+1"]
[EndTime "10:40:53 PDT"]
[Termination "ThePatrick27 won by checkmate"]

1. d4 Nf6 2. c4 e6 3. Nf3 Bb4+ 4. Bd2 Qe7 5. g3 O-O 6. Bg2 Nc6 7. O-O Bxd2 8.
Qxd2 b6 9. Ne5 Bb7 10. Nxc6 Bxc6 11. Bxc6 dxc6 12. Qc2 Rad8 13. Rd1 e5 14. dxe5 Qxe5 15. Nc3 a5 16. Rxd8 Rxd8 17. Rd1 Re8 18. e3 Qh5 19. Kg2 Ng4 20. h3 Ne5 21. Rd4 Nf3 22.
Qd1 c5 23. Rf4 Ne1+ 24. Qxe1 Rd8 25. Qe2 g6 26. Qxh5 gxh5 27. Ne4 Rd1 28. Nf6+ Kf8 29.
Nd5 Rd2 30. Nxc7 Rxb2 31. a4 Rb4 32. Nd5 Rxa4 33. Nxb6 Rb4 34. Nd7+ Ke7 35. Nxc5 a4 36. Rd4 a3 37. Rd7+ Ke8 38. Ra7 Rxc4 39. Nd3 Rc3 40. Ne5 f6 41. Nf3 h6 42. Nd4 Rd3 43. Nb5 Kf8 44.
Nxa3 Rd2 45. Nc4 Rc2 46. Nd6 Rc6 47. Nf5 Rc5 48. Nxh6 Rg5 49. h4 Rc5 50. e4 Re5 51. Kf3 Rb5 52. Kf4 Rb2 53. f3 Rb6 54. Nf5 Kg8 55.
Ng7 Kh8 56. Nxh5 Rb3 57. Nxf6 Rxf3+ 58. Ke5 Rf5+ 59. Ke6 Re5+ 60. Kf7 Re7+ 61. Kxe7 Kg7 62. Ra8 Kh6 63. g4 Kg6 64. Rg8+ Kh6 65. g5# 1-0

[Event "*** SCC Grand Prix: Titled Tuesday Blitz"]
[Site "Chess.com"]
[Date "2020.10.13"]
[Round "4"]
[White "chesslh19"]
[Black "Nemsko"]
[Result "1/2-1/2"]
[WhiteElo "2226"]
[BlackElo "2361"]
[TimeControl "180+1"]
[EndTime "10:40:54 PDT"]
[Termination "Game drawn by repetition"]

1. e4 c5 2. Nf3 d6 3. d4 cxd4 4. Nxd4 Nf6 5. Nc3 Nc6 6. Be2 g6 7. O-O Bg7 8. Be3 O-O 9. Nb3 a6 10. f4 b5 11. Bf3 Bb7 12. Nd5 e6 13. Bb6 Qd7 14. Nxf6+ Bxf6 15. c3 Qe7 16. Qe2 Bg7 17.
Rad1 Rfe8 18. Qd2 Bf8 19. Rfe1 a5 20. Nd4 Nxd4 21. Bxd4 e5 22. fxe5 dxe5 23. Be3 Rad8 24. Qf2 Rxd1 25. Rxd1 Rd8 26. Rxd8 Qxd8 27. Qd2 Qxd2 28.
Bxd2 Bc5+ 29. Kf1 f6 30. a3 Kf7 31. Ke2 Ke6 32. Be3 Bd6 33. b4 axb4 34. axb4 Bc6 35.
Kd2 Bd7 36. Be2 f5 37. exf5+ gxf5 38. g3 Kd5 39. Bd3 e4 40. Be2 Be5 41. Bg5 Kc6 42.
Bf4 Bf6 43. Be3 Be6 44. Bf4 Bb3 45. Bh5 Be6 46. Be2 Bf7 47. Bd1 h5 48. Be2 h4 49.
Bd1 Kd5 50. Be2 Kc6 51. Bd1 Bc4 52. Bh5 Bg8 53. Be2 hxg3 54. hxg3 Bf7 55. Bd1 Bc4 56. Bh5 Bd5 57. Be8+ Kb6 58. Bh5 Ka6 59. Be8 Bc4 60. Bg6 Be6 61. Bh5 Kb6 62. Be2 Kc6 63. Be3 Be5 64. Bf4 Bxf4+ 65. gxf4 Bd7 66. Ke3 Kd5 67. Bd1 Ke6 68. Kd4 Kd6 69. Be2 Bc6 70. Bf1 Be8 71. Be2 Bc6 72. Bf1 Be8 73. Be2 Bd7 74. Bf1 Bc6 75. Be2 Bd7 76. Bf1 Bc6 77. Be2 Bd7 1/2-1/2

[Event "*** SCC Grand Prix: Titled Tuesday Blitz"]
[Site "Chess.com"]
[Date "2020.10.13"]
[Round "4"]
[White "Jungle_Jaguar"]
[Black "venus02"]
[Result "1/2-1/2"]
[WhiteElo "2623"]
[BlackElo "2485"]
[TimeControl "180+1"]
[EndTime "10:40:56 PDT"]
[Termination "Game drawn - insufficient material"]

1. e4 c6 2. d4 d5 3. e5 Bf5 4. h4 h5 5. c4 e6 6. Nc3 Ne7 7.
Nge2 Nd7 8. Ng3 Bg6 9. Bg5 Qb6 10. Rc1 Nf5 11. Nxf5 Bxf5 12. Qd2 Bb4 13. a3 Bxc3 14.
Qxc3 O-O 15. c5 Qc7 16. Be2 f6 17. exf6 Nxf6 18. Bxf6 Rxf6 19. Bxh5 Be4 20. O-O Rh6 21. Bg4 Rxh4 22. Bxe6+ Kh8 23. Qg3 Qe7 24. f3 Bh7 25. Rce1 Qf6 26. Bg4 Qxd4+ 27. Qf2 Qf6 28. Re6 Qg5 29.
Qe3 Qxe3+ 30. Rxe3 b6 31. Rfe1 Bg8 32. Re8 Rxe8 33.
Rxe8 Rh6 34. cxb6 axb6 35. a4 c5 36. Rd8 d4 37. Bf5 Rf6 38. Bd3 g5 39. Bc4 Rg6 40. b3 Rg7 41. Kf2 Kh7 42. Bd3+ Kh8 43. Bc4 Kh7 44.
Bxg8+ Rxg8 45. Rd6 Rg6 46. Rd7+ Rg7 47. Rd6 Rg6 48.
Rd7+ Kh6 49. Rd8 Re6 50. Kg3 Re3 51. Rd6+ Kh5 52. Rxb6 Rc3 53. Kh3 g4+ 54. Kg3 gxf3 55. gxf3 d3 56. Kf4 d2 57. Rd6 Rxb3 58. Rxd2 Rb4+ 59.
Kf5 Kh4 60. Rc2 Rxa4 61. Rxc5 Kg3 62. Rc3 Rf4+ 63. Kg5 Rxf3 64. Rxf3+ Kxf3 1/2-1/2

[Event "*** SCC Grand Prix: Titled Tuesday Blitz"]
[Site "Chess.com"]
[Date "2020.10.13"]
[Round "4"]
[White "pirulillo"]
[Black "Zq1"]
[Result "0-1"]
[WhiteElo "2243"]
[BlackElo "2512"]
[TimeControl "180+1"]
[EndTime "10:40:56 PDT"]
[Termination "Zq1 won by resignation"]

1. e4 c5 2. Nf3 d6 3. d4 cxd4 4.
Nxd4 Nf6 5. Nc3 Nc6 6. Bg5 e6 7. Bb5 Bd7 8. Bxc6 bxc6 9. Qf3 h6 10. Bh4 Rc8 11. O-O Be7 12. Rad1 O-O 13. Bg3 c5 14. Ndb5 e5 15. Nxd6 Bg4 16. Qd3 Bxd1 17. Nxc8 Qxc8 18. Rxd1 c4 19. Qe2 Qc5 20. Nd5 Nxd5 21. Rxd5 Qb6 22. Bxe5 Re8 23. Bc3 Bb4 24. Bd4 Qe6 25. Re5 Qd7 26.
Rxe8+ Qxe8 27. c3 Bd6 28. g3 Qa4 29. a3 Bc7 30. Kg2 Bb6 31. f4 Bxd4 32. cxd4 Qb3 33. d5 h5 34. Qd2 Qb5 35. d6 Qd7 36. Qd5 g6 37. e5 Kg7 38. Qxc4 Qb7+ 39. Kh3 Qd7+ 40.
Kg2 Qb7+ 41. Kf2 Qxb2+ 42. Qe2 Qb6+ 43. Qe3 Qb2+ 44. Kf3 Qb7+ 45. Ke2 Qb2+ 46. Qd2 Qb5+ 47. Kf2 Qd7 48. Kg2 Qc6+ 49. Kf2 Qd7 50. Qd4 Kf8 51.
a4 Ke8 52. Qc4 Qh3 53. Qc6+ Kf8 54. d7 Qxh2+ 55. Qg2 Qxg2+ 56. Kxg2 Ke7 57. Kf3 Kxd7 58. Ke4 Ke6 59. Kd4 Kf5 60. Ke3 Kg4 61. Kf2 h4 62. gxh4 Kxf4 63. Ke2 Kxe5 64. Kf3 Kf5 65. Kg3 Ke4 66. Kg4 f6 67. Kg3 f5 68. Kh3 Kf3 69.
h5 gxh5 70. Kh4 f4 0-1

[Event "*** SCC Grand Prix: Titled Tuesday Blitz"]
[Site "Chess.com"]
[Date "2020.10.13"]
[Round "4"]
[White "VinzentSpitzl"]
[Black "bugsbunny444"]
[Result "0-1"]
[WhiteElo "2318"]
[BlackElo "2474"]
[TimeControl "180+1"]
[EndTime "10:40:56 PDT"]
[Termination "bugsbunny444 won on time"]

1. e4 c5 2. Nf3 e6 3. g3 d5 4.
exd5 exd5 5. Bg2 Nc6 6. O-O d4 7. Na3 Be7 8. d3 Nf6 9. Nc4 O-O 10. a4 Be6 11. Bg5 h6 12. Bd2 Bd5 13. Re1 Re8 14. a5 Qd7 15. Nfe5 Nxe5 16. Nxe5 Qd8 17. Bxd5 Qxd5 18. Qf3 Qxf3 19. Nxf3 Bd6 20. a6 b6 21. Nh4 Nd5 22. Nf5 Bf8 23. c4 Nc7 24. Rxe8 Rxe8 25. Bf4 Ne6 26. Bd6 g6 27. Bxf8 Kxf8 28.
Nd6 Re7 29. Nc8 Rd7 30. Nxb6 axb6 31. a7 Nc7 32. a8=Q+ Nxa8 33. Rxa8+ Ke7 34. Rb8 Rd6 35. Kg2 h5 36. Kf3 Rf6+ 37. Ke2 Re6+ 38. Kd2 Kf6 39. Rb7 g5 40. h3 Kg6 41. Rb8 h4 42. g4 f5 43. Rg8+ Kf7 44. Rxg5 fxg4 45. Rxg4 Rh6 46. Ke2 Ke6 47. Kf3 Kf5 48. Rf4+ Kg5 49. Rg4+ Kf5 50.
Rg8 Rf6 51. Rh8 Kg5+ 52. Ke2 Re6+ 53. Kd2 Rf6 54. Ke2 Re6+ 55. Kd2 Rf6 56. Ke1 Rf3 57. Ke2 Rxh3 58. Rg8+ Kf5 59. Rb8 Rh1 60. Rxb6 Rb1 61.
Rb5 Kf4 62. Rxc5 Rxb2+ 63. Kf1 Rd2 64. Rh5 Kg4 65. Rh8 Rxd3 66. Ke2 Rc3 67. Rc8 h3 68.
Kd2 Kf3 69. Rd8 Kg2 70. Rxd4 Rf3 0-1

[Event "*** SCC Grand Prix: Titled Tuesday Blitz"]
[Site "Chess.com"]
[Date "2020.10.13"]
[Round "4"]
[White "bait_or_mate"]
[Black "barriochess"]
[Result "1-0"]
[WhiteElo "2517"]
[BlackElo "2264"]
[TimeControl "180+1"]
[EndTime "10:41:00 PDT"]
[Termination "bait_or_mate won by resignation"]

1. d4 d5 2. c4 e6 3. Nf3 c5 4.
cxd5 exd5 5. g3 Nc6 6. Bg2 Nf6 7. O-O Be7 8. dxc5 Bxc5 9. a3 a6 10. b4 Ba7 11. Bb2 O-O 12. Nbd2 Ne4 13. Rc1 Re8 14. Nb3 Bg4 15. Nbd4 Nxd4 16. Bxd4 Bxd4 17. Qxd4 Qf6 18. Qxf6 Nxf6 19. e3 Re7 20. Nd4 g6 21. h3 Be6 22. Rc2 Rd8 23. Rfc1 Ne4 24. g4 Nd6 25. Bf1 Kf8 26. Kg2 Bd7 27. Rc7 Ba4 28. Bd3 Rxc7 29. Rxc7 Rd7 30. Rxd7 Bxd7 31.
Kg3 f6 32. h4 Kg7 33. g5 h6 34.
f4 hxg5 35. fxg5 Nf7 36. Kf4 Ne5 37. Be2 Kf7 38. Nb3 Ke7 39. Nc5 Bc6 40. Bf1 Nf7 41.
Nb3 Ne5 42. Nd4 Bd7 43. Be2 Be8 44. Bd1 Bf7 45. Bc2 Nd7 46. Bd3 Ne5 47. Be2 Nd7 48. a4 Ne5 49. b5 axb5 50. Bxb5 b6 51. Be2 Nd7 52. Bb5 Nc5 53. Nc6+ Kd6 54. Nd4 Ke7 55. Nc6+ Kd6 56. gxf6 Ne6+ 57. Kg4 Be8 58. Nd4 Bxb5 59. axb5 Nc5 60. Kg5 Nd7 61. Kxg6 Ne5+ 62. Kg7 Nd7 63. f7 Ke5 64. f8=Q Nxf8 65. Kxf8 Ke4 66. Nc2 Kd3 67.
Nb4+ Kxe3 68. Nxd5+ Ke4 69. Nxb6 Kf5 70. Nd7 Kg4 71.
b6 Kxh4 72. b7 1-0

[Event "*** SCC Grand Prix: Titled Tuesday Blitz"]
[Site "Chess.com"]
[Date "2020.10.13"]
[Round "4"]
[White "MITerryble"]
[Black "Stouuf"]
[Result "1-0"]
[WhiteElo "2922"]
[BlackElo "2591"]
[TimeControl "180+1"]
[EndTime "10:41:01 PDT"]
[Termination "MITerryble won by resignation"]

1. e4 d6 2. d4 Nf6 3. Nc3 e5 4. Nf3 Nbd7 5. Bc4 exd4 6. Qxd4 Be7 7. O-O Nb6 8. Bb3 O-O 9. Bf4 Bg4 10. Qd3 Bxf3 11.
Qxf3 Nfd7 12. Rad1 Bf6 13. Bc1 Nc5 14. Nd5 Nxd5 15.
Bxd5 c6 16. Bc4 Qe7 17. Rfe1 Rfe8 18. Bd3 Nxd3 19. Qxd3 Rad8 20. Kf1 Qe5 21. g3 h6 22.
c3 Re7 23. Bf4 Qh5 24. Kg2 Be5 25. Bc1 Bf6 26. Bf4 Be5 27. Be3 a6 28. Bb6 Rdd7 29. Qf3 Qg6 30. h4 Qe6 31. b3 Re8 32. c4 Rf8 33. Qh5 f5 34. exf5 Rxf5 35. Qe2 Qf7 36. f4 Bc3 37. Qe8+ Qxe8 38. Rxe8+ Kf7 39. Re3 Bb4 40. Red3 Rf6 41. h5 Re6 42. Kf3 Rde7 43. Be3 Bc5 44. Bxc5 dxc5 45. R1d2 Kf6 46. Rd6 Kf7 47.
Rxe6 Kxe6 48. Re2+ Kf6 49. Rxe7 Kxe7 50. Ke4 Ke6 51. g4 Kf6 52. Kf3 Ke6 53. Ke4 Kf6 54. a3 b6 55. a4 Ke6 56. g5 b5 57. gxh6 gxh6 58. f5+ Kf6 59. Kf4 bxa4 60. bxa4 a5 61. Ke4 Kf7 62. Ke5 Ke7 63. f6+ Kf7 64. Kf5 Kf8 65.
Kg6 Kg8 66. Kxh6 Kf7 67. Kg5 Kg8 68. Kg6 Kh8 69. h6 Kg8 70. Kf5 Kh7 71. Ke6 Kxh6 1-0

[Event "*** SCC Grand Prix: Titled Tuesday Blitz"]
[Site "Chess.com"]
[Date "2020.10.13"]
[Round "4"]
[White "ChronicUnhappiness"]
[Black "Aguiar94"]
[Result "0-1"]
[WhiteElo "2355"]
[BlackElo "2593"]
[TimeControl "180+1"]
[EndTime "10:41:01 PDT"]
[Termination "Aguiar94 won on time"]

1. c4 e6 2. d4 Nf6 3. Nc3 Bb4 4.
e3 O-O 5. Bd3 Re8 6. Nf3 b6 7.
O-O c5 8. Bd2 Bb7 9. a3 Ba5 10.
Rb1 Na6 11. dxc5 bxc5 12. Qc2 d5 13. Rfd1 d4 14. Ne4 Nxe4 15. Bxe4 Bxe4 16. Qxe4 Bxd2 17. Rxd2 e5 18. b4 Rb8 19. b5 Nc7 20. a4 Qd6 21. a5 g6 22. g4 f6 23. Rdb2 Na8 24.
Nd2 Qe6 25. Qd5 Qxd5 26. cxd5 Nc7 27. e4 Red8 28. Nc4 Rb7 29. g5 Kg7 30. gxf6+ Kxf6 31. b6 Na6 32. bxa7 Rxa7 33. Rb6+ Kg5 34. Nxe5 Rf8 35. d6 Kf4 36. Nc6 Raa8 37. d7 Nc7 38. d8=Q Raxd8 39. Nxd8 Rxd8 40. a6 Ra8 41. Ra1 d3 42. a7 c4 43. Rc6 Nb5 44. Rxc4 Rxa7 45. Rxa7 Nxa7 46. Rd4 Nc6 47. Rxd3 Ne5 48. Ra3 Kxe4 49. Kg2 g5 50.
f3+ Kf5 51. Ra5 Kf6 52. Kf2 h5 53. Rb5 Nd3+ 54. Ke3 Nf4 55. Ke4 Ne2 56. Rb6+ Kf7 57. Ke5 Ng1 58. Rb3 Nh3 59. Kf5 Ke7 60. Rb6 Kf7 61.
Rh6 h4 0-1

[Event "*** SCC Grand Prix: Titled Tuesday Blitz"]
[Site "Chess.com"]
[Date "2020.10.13"]
[Round "4"]
[White "chiwii"]
[Black "Obito24"]
[Result "0-1"]
[WhiteElo "2212"]
[BlackElo "2520"]
[TimeControl "180+1"]
[EndTime "10:41:01 PDT"]
[Termination "Obito24 won on time"]

1. e4 e5 2. Nf3 Nc6 3. d4 exd4 4.
Bc4 Nf6 5. O-O d6 6. Nxd4 Be7 7. Nc3 O-O 8. f3 a6 9. Be3 Bd7 10. a4 Re8 11. Re1 Bf8 12. Nxc6 bxc6 13. Qd2 Rb8 14. Bb3 g6 15. Bg5 Bg7 16. Qf4 h6 17.
Bxh6 Re5 18. Bxg7 Kxg7 19. Rad1 Qe7 20. Qg3 Nh5 21. Qf2 Qg5 22. Ne2 Rc5 23. f4 Qf6 24. e5 Qe7 25. exd6 cxd6 26. Ng3 Qf6 27. Nxh5+ Rxh5 28. g3 Rbh8 29. h4 d5 30. Qd4 Bg4 31. Qxf6+ Kxf6 32. Rd2 Rd8 33. c4 d4 34. Bc2 Rc5 35. b3 Bf5 36. Bd1 d3 37. Bf3 a5 38.
Red1 Rb8 39. Rb1 Rxc4 40. bxc4 Rxb1+ 41. Kf2 Rb4 42. Bxc6 Rxc4 43. Bb5 Rc3 44. Ke3 Ra3 45. g4 Bxg4 46. Rxd3 Ra1 47. Rd6+ Be6 48. Kf3 Ra3+ 49. Kg2 Kf5 50. Ra6 Kxf4 51. Rxa5 Kg4 52. Be2+ Kxh4 53.
Bf3 Bg4 54. Bxg4 Kxg4 55. Ra7 f5 56. a5 g5 57. a6 Ra2+ 58. Kf1 f4 59. Ra8 Kf3 60.
Ke1 g4 61. a7 g3 62. Kd1 g2 63. Rg8 Rxa7 64. Rxg2 Kxg2 0-1